 Dungeon Crawl Stone Soup version 0.30-a0-140-gd1020e658a (webtiles) character file.

Game seed: 12386473976168184421

29941 Flugkiller the Brawler (level 13, -2/133 HPs)
             Began as a Troll Warper on Sept 24, 2022.
             Was a Follower of Uskayaw.
             Slain by a meliai
             ... wielding a +0 broad axe
              (5 damage)
             ... on level 13 of the Dungeon.
             The game lasted 00:14:16 (10856 turns).

Flugkiller the Brawler (Troll Warper)              Turns: 10856, Time: 00:14:17

Health: -2/133     AC:  7    Str: 22    XL:     13   Next: 17%
Magic:  15/15      EV: 13    Int: 13    God:    Uskayaw [*.....]
Gold:   850        SH:  0    Dex:  9    Spells: 14/14 levels left

rFire   . . .      SeeInvis .      - Unarmed
rCold   + . .      Faith    .    (no shield)
rNeg    . . .      Spirit   .    N - +2 robe {rC+}
rPois   +          Reflect  .    (helmet restricted)
rElec   .          Harm     .    Q - +0 cloak {Stlth+}
rCorr   .          Rampage  .    (gloves unavailable)
Will    +....                    (boots unavailable)
Stlth   +.........               B - amulet of regeneration
HPRegen 1.92/turn                E - ring "Nirphippi" {rPois Will+}
MPRegen 0.14/turn                v - +4 ring of evasion

@: lethally poisoned (-2 -> -3), silenced
A: large, unfitting armour, claws 3, regeneration 1, shaggy fur 1, tough skin 1,
sense surroundings 1
a: Renounce Religion


You were on level 13 of the Dungeon.
You worshipped Uskayaw.
Uskayaw was noncommittal.
You visited 2 branches of the dungeon, and saw 14 of its levels.
You also visited: Sewer, Bailey and Gauntlet.

You collected 850 gold pieces.

Inventory:

Hand Weapons
 f - a +3 short sword of distortion
   (You took it off a kobold on level 1 of the Dungeon)
Missiles
 a - 5 silver javelins
 e - 13 boomerangs
 r - 14 silver boomerangs
 s - 6 javelins
 F - 7 boomerangs of dispersal (quivered)
 G - 4 curare-tipped darts
Armour
 b - a scarf of invisibility
   (You found it on level 6 of the Dungeon)
 N - a +2 robe of cold resistance (worn)
   (You took it off Nergalle on level 10 of the Dungeon)
 O - +0 acid dragon scales
   (You found it on level 11 of the Dungeon)
 Q - a +0 cloak of stealth (worn)
   (You found it in a Gauntlet)
Jewellery
 c - a ring of protection from cold
   (You found it on level 2 of the Dungeon)
 j - a +4 ring of slaying
   (You found it in a Gauntlet)
 o - a ring of poison resistance
   (You found it on level 2 of the Dungeon)
 v - a +4 ring of evasion (right claw)
   (You found it on level 5 of the Dungeon)
 B - an amulet of regeneration (around neck)
   (You found it on level 6 of the Dungeon)
 D - an amulet of reflection
   (You found it on level 6 of the Dungeon)
 E - the ring "Nirphippi" (left claw) {rPois Will+}
   (You found it in a Gauntlet)

   [ring of poison resistance]

   rPois:     It protects you from poison.
   Will:      It increases your willpower.
 M - a ring of flight
   (You found it on level 10 of the Dungeon)
 R - a ring of positive energy
   (You found it on level 8 of the Dungeon)
Wands
 k - a wand of flame (7)
   (You found it in a Gauntlet)
 u - a wand of polymorph (15)
   (You found it on level 3 of the Dungeon)
 I - a wand of paralysis (24)
   (You found it on level 7 of the Dungeon)
 L - a wand of mindburst (7)
   (You found it on level 8 of the Dungeon)
 S - a wand of iceblast (18)
   (You found it on level 5 of the Dungeon)
Scrolls
 g - 3 scrolls of enchant armour
 l - a scroll of fog
 n - 3 scrolls of immolation
 p - 2 scrolls of magic mapping
 q - 3 scrolls of vulnerability
 t - 14 scrolls of teleportation
 z - 5 scrolls of blinking
 C - a scroll of acquirement
 H - 3 scrolls of enchant weapon
 K - 3 scrolls of silence
 W - a scroll of summoning
 X - a scroll of fear
 Y - a scroll of poison
Potions
 d - 2 potions of might
 h - 3 potions of haste
 i - a potion of cancellation {unknown}
 m - 2 potions of attraction
 w - 3 potions of heal wounds
 y - 5 potions of lignification
 A - 5 potions of flight
 J - a potion of mutation
 T - a potion of magic {unknown}
Miscellaneous
 x - a phial of floods
   (You found it on level 3 of the Dungeon)
 P - a tin of tremorstones (1/2)
   (You found it on level 11 of the Dungeon)
 U - a phantom mirror (inert)
   (You found it in a Gauntlet)
 V - a condenser vane
   (You found it in a Gauntlet)
 Z - a piece from Xom's chessboard (15/15)
   (You found it on level 12 of the Dungeon)


   Skills:
 + Level 10.1 Fighting
 - Level 0.8 Throwing
 - Level 1.9 Dodging
 - Level 15.4 Unarmed Combat
 - Level 1.2 Spellcasting
 - Level 2.1 Translocations
 + Level 5.0 Invocations
 + Level 7.4 Evocations


You had 14 spell levels left.
You didn't know any spells.
Your spell library contained the following spells:

 Spells                   Type           Power      Damage    Failure   Level
 Blink                    Tloc           12%        N/A       17%         2
 Magic Dart               Conj           0%         1d3       28%         1
 Summon Small Mammal      Summ           0%         N/A       28%         1
 Gell's Gravitas          Tloc           6%         N/A       32%         3
 Lesser Beckoning         Tloc           6%         N/A       32%         3
 Teleport Other           Tloc           6%         N/A       32%         3
 Searing Ray              Conj           0%         2d4       38%         2
 Static Discharge         Conj/Air       0%         2-2/arc   38%         2
 Kindle Blastsparks       Fire/Tloc/Air  4%         2d10      52%         3
 Call Canine Familiar     Summ           0%         N/A       63%         3
 Summon Guardian Golem    Hex/Summ       0%         N/A       63%         3
 Manifold Assault         Tloc           6%         N/A       73%         4
 Iskenderun's Mystic Bla  Conj/Tloc      3%         2d3       87%         4
 Dispel Undead            Necr           0%         3d6       95%         4
 Fulminant Prism          Conj/Hex       0%         3d6       95%         4
 Sticky Flame             Conj/Fire      0%         2d3       95%         4
 Fireball                 Conj/Fire      0%         3d3       100%        5
 Iskenderun's Battlesphe  Conj           0%         2d6       100%        5
 Lee's Rapid Deconstruct  Erth           0%         3d5*      100%        5
 Conjure Ball Lightning   Conj/Air       0%         3x3d6     100%        6
 Orb of Destruction       Conj           0%         9d5       100%        7


Dungeon Overview and Level Annotations

Branches:
Dungeon (13/15) Zot: 26418  Temple (1/1) D:4 Zot: 5962    Lair (0/5) D:9
    Orc (0/2) D:10          Sewer (visited)          Bailey (visited)
Gauntlet (visited)
 Vaults: D:13-14

Altars:
Ashenzari
Cheibriados
Dithmenos
Elyvilon
Fedhas
Gozag
Hepliaklqana
Kikubaaqudgha
Makhleb
Nemelex Xobeh
Okawaru
Qazlal
Ru
Sif Muna
Trog
Uskayaw
Vehumet
Wu Jian
Xom
Yredelemnul
Zin
The Shining One

Annotations:
D:3 exclusion: oklob plant
D:4 exclusion: 2 goblins


Innate Abilities, Weirdness & Mutations

You are too large for most types of armour.
You have claws for hands.
Your natural rate of healing is unusually fast.
You are covered in fur. (AC +1)
You have tough skin. (AC +1)
You passively map a small area around you.


Message History

Your Invocations skill increases to level 5!
You have turned to stone.
You turn to flesh and can move again.
Unknown command.
You can no longer pass through a line of other dancers.
There is a stone staircase leading up here.
Items here: ) [ †††.
You climb upwards.
There is a stone staircase leading down here.
Unknown command.
You start resting.
HP restored.
You climb downwards.
There is a stone staircase leading up here.
Items here: ) [ †††.
Things that are here:
a +0 short sword; a vampire mosquito corpse You now have 850 gold pieces (gained 22).
You open the door.
Found a stone staircase leading down.
There is an open door here.
S - a wand of iceblast (18) (gained 7 charges) As you open the door, it creaks loudly!
Found a scroll of identify.
There is an open door here.
Your pack is full.
You see here a scroll of identify.
Unknown command.
As you read the scroll of identify, it crumbles to dust.
W - a scroll of summoning Unknown command.
A meliai comes into view. It is wielding a +0 broad axe.
A meliai is nearby! 2 meliai come into view.
The meliai buzzes angrily. x2
The meliai closely misses you.
The meliai stings you but does no damage.
The meliai mumbles some strange prayers to its god against you.
Something smites you!
You mangle the meliai!!
The meliai is almost dead.
The meliai invokes the aid of its god against you.
Something smites you!
The meliai hits you with a +0 broad axe!
The meliai stings you.
You barely miss the meliai.
The meliai is almost dead.
The meliai calls down the wrath of its god upon you.
Something smites you!
The meliai mumbles some strange prayers to its god against you.
Something smites you!
The meliai hits you with a +0 broad axe!!
The meliai misses you. The meliai hits you but does no damage.
The meliai stings you.
You are too injured to fight recklessly!
You are too injured to fight recklessly!
The meliai calls upon its god to heal the meliai.
The meliai is healed somewhat.
The meliai invokes the aid of its god against you.
Something smites you!
* * * LOW HITPOINT WARNING * * *
Unknown command.
Okay, then.
Press: ? - help, v - describe, . - travel
Here: a meliai, wielding a +0 broad axe and wearing a +0 leather armour The floor, spattered with blood.
Unknown command.
As you read the scroll of silence, it crumbles to dust.
A profound silence engulfs you. The meliai completely misses you.
The meliai closely misses you.
The meliai hits you with a +0 broad axe.
* * * LOW HITPOINT WARNING * * *
The meliai stings you!
* * * LOW HITPOINT WARNING * * *
You are poisoned.
The meliai poisons you!
Unknown command.
You feel much better.
You feel very sick.
The meliai hits you with a +0 broad axe!
The meliai stings you.
The meliai hits you with a +0 broad axe!
* * * LOW HITPOINT WARNING * * *
The meliai stings you but does no damage.
You feel much better.
You feel very sick.
The meliai hits you with a +0 broad axe!
The meliai stings you but does no damage.
The meliai hits you with a +0 broad axe!
The meliai stings you but does no damage.
The tremorstone explodes into fragments!
You feel very sick.
The meliai hits you with a +0 broad axe!!
* * * LOW HITPOINT WARNING * * *
The meliai stings you.
* * * LOW HITPOINT WARNING * * *
The meliai hits you with a +0 broad axe!
* * * LOW HITPOINT WARNING * * *
The meliai stings you.
You die...

#......).#.#..
#........#.#.#*
#........#.#.##
#.......##>....
#.......'......
#########.......#.##.##
#....yy##.......#....#
#y##.......#######
#@##.......# #.
#..........# #. *
#..........# #. * *
#..........# #. ,*
##.........######.
+.........'...... ***
#.........#######
#.........# ###########


You could see 3 meliai.

Vanquished Creatures
  Frances (D:12)
  A minotaur (Gauntlet)
  Erolcha (D:10)
  4 boulder beetles
  2 two-headed ogres
  A tengu warrior (Gauntlet)
  Nergalle (D:10)
  Amaemon (D:9)
  An orc knight (Bailey)
  2 manticores
  A cyclops (D:12)
  A worldbinder (Gauntlet)
  An orange demon (D:9)
  5 gargoyles
  A komodo dragon (D:10)
  2 kobold demonologists (D:12)
  An unseen horror (D:10)
  An efreet (Gauntlet)
  2 trolls
  A hornet (D:8)
  5 slime creatures
  2 wraiths
  2 wyverns
  3 yaks (D:8)
  3 fire elementals (Gauntlet)
  Grum (D:9)
  A basilisk (D:13)
  12 vampire mosquitoes
  A water moccasin (D:9)
  2 hell hounds (Gauntlet)
  An acid dragon (D:11)
  An ice beast (D:6)
  5 orc warriors
  A black bear (D:8)
  Pargi (Sewer)
  3 boggarts (Gauntlet)
  3 wolves
  A centaur (D:5)
  An ogre (D:5)
  A phantom (D:6)
  A gnoll sergeant (D:10)
  6 bullfrogs
  6 kobold brigands
  2 necrophages (D:8)
  3 scorpions
  3 wights (D:7)
  13 killer bees
  5 electric eels (D:9)
  A jelly (D:7)
  A hound (D:4)
  8 orc priests
  A gnoll bouda (D:6)
  3 iguanas
  10 orc wizards
  8 adders
  7 gnolls
  3 shadow imps
  2 ufetubi (D:5)
  2 worms
  6 dart slugs
  37 orcs
  5 bats
  6 endoplasms
  5 giant cockroaches
  13 goblins
  7 hobgoblins
  9 jackals
  5 quokkas
  5 ball pythons
  5 frilled lizards
  35 kobolds
  5 rats
309 creatures vanquished.

Vanquished Creatures (others)
  A kobold brigand (D:12)
  A bush (D:5)
  31 plants
33 creatures vanquished.

Grand Total: 342 creatures vanquished

Notes
Turn   | Place    | Note
-------+----------+-------------------------------------------
     0 | D:1      | Flugkiller the Troll Warper began the quest for the Orb.
     0 | D:1      | Reached XP level 1. HP: 19/19 MP: 1/1
    96 | D:1      | Reached XP level 2. HP: 28/28 MP: 2/2
   335 | D:1      | Reached skill level 3 in Unarmed Combat
   710 | D:2      | Reached XP level 3. HP: 35/35 MP: 3/3
   825 | D:2      | Found a faded altar of an unknown god.
  1415 | D:3      | Reached XP level 4. HP: 42/44 MP: 4/4
  1757 | D:3      | Reached skill level 4 in Unarmed Combat
  1997 | D:3      | Found a snail-covered altar of Cheibriados.
  2086 | D:3      | Noticed a scorpion
  2093 | D:3      | Killed a scorpion
  2094 | D:3      | Reached XP level 5. HP: 50/53 MP: 5/5
  2124 | D:3      | Found a blossoming altar of Fedhas.
  2135 | D:3      | Noticed an oklob plant
  2500 | D:4      | Reached skill level 5 in Unarmed Combat
  2586 | D:4      | Found a staircase to the Ecumenical Temple.
  2598 | Temple   | Entered the Ecumenical Temple
  2638 | D:4      | Found a hide-covered altar of Uskayaw.
  2667 | D:4      | Found a sacrificial altar of Ru.
  2699 | D:4      | Became a worshipper of Uskayaw the Reveller
  2711 | D:4      | Reached * piety under Uskayaw
  2827 | D:4      | Found an iron altar of Okawaru.
  3075 | D:4      | Found a sparkling altar of Nemelex Xobeh.
  3079 | D:4      | Found a basalt altar of Yredelemnul.
  3083 | D:4      | Found a shadowy altar of Dithmenos.
  3135 | D:4      | Reached XP level 6. HP: 58/61 MP: 6/6
  3359 | D:5      | Entered Level 5 of the Dungeon
  3384 | D:4      | Reached ** piety under Uskayaw
  3463 | D:5      | Found a glowing drain.
  3472 | Sewer    | Entered a sewer
  3583 | Sewer    | Noticed Pargi
  3589 | Sewer    | Killed Pargi
  3589 | Sewer    | Reached *** piety under Uskayaw
  3590 | Sewer    | Reached skill level 6 in Unarmed Combat
  3675 | D:5      | Reached XP level 7. HP: 59/68 MP: 7/7
  4102 | D:5      | Found an opulent altar of Gozag.
  4102 | D:5      | Found a glowing silver altar of Zin.
  4178 | D:6      | Reached skill level 7 in Unarmed Combat
  4234 | D:6      | Reached **** piety under Uskayaw
  4237 | D:6      | Reached ***** piety under Uskayaw
  4252 | D:6      | Reached ****** piety under Uskayaw
  4622 | D:6      | Reached skill level 8 in Unarmed Combat
  4622 | D:6      | Reached XP level 8. HP: 73/79 MP: 8/8
  5039 | D:7      | Reached skill level 5 in Fighting
  5617 | D:7      | Noticed a gargoyle
  5628 | D:7      | Killed a gargoyle
  5629 | D:7      | Reached skill level 9 in Unarmed Combat
  5629 | D:7      | Reached skill level 1 in Evocations
  5642 | D:7      | Noticed a gargoyle
  5645 | D:7      | Killed a gargoyle
  5646 | D:7      | Reached XP level 9. HP: 56/89 MP: 9/9
  5677 | D:7      | Noticed a gargoyle
  5683 | D:7      | Killed a gargoyle
  5701 | D:7      | Noticed a gargoyle
  5708 | D:7      | Killed a gargoyle
  5709 | D:7      | Reached skill level 10 in Unarmed Combat
  5994 | D:8      | Found a radiant altar of Vehumet.
  6285 | D:8      | Reached skill level 11 in Unarmed Combat
  6365 | D:8      | Identified the +3 scale mail "Toenapon" {rPois}
  6614 | D:9      | Reached XP level 10. HP: 73/100 MP: 10/10
  6633 | D:9      | Noticed Amaemon
  6639 | D:9      | Noticed an orange demon
  6648 | D:9      | Killed Amaemon
  6669 | D:9      | Killed an orange demon
  6727 | D:9      | Noticed Grum
  6797 | D:8      | Reached skill level 12 in Unarmed Combat
  6835 | D:9      | Killed Grum
  7122 | D:9      | Found a staircase to the Lair.
  7433 | D:9      | Found a shimmering blue altar of Sif Muna.
  7497 | D:10     | Entered Level 10 of the Dungeon
  7565 | D:10     | Found a flagged portal.
  7577 | Bailey   | Entered a bailey
  7582 | Bailey   | Noticed an orc warlord
  7670 | Bailey   | Found a runed translucent gate.
  7673 | Bailey   | Found a runed translucent gate.
  7675 | Bailey   | Found a runed translucent gate.
  7684 | Bailey   | Noticed an orc knight
  7716 | Bailey   | Killed an orc knight
  7717 | Bailey   | Reached skill level 5 in Evocations
  7717 | Bailey   | Reached XP level 11. HP: 68/111 MP: 11/11
  7871 | Bailey   | Reached skill level 15 in Unarmed Combat
  7871 | Bailey   | Reached XP level 12. HP: 119/119 MP: 12/12
  8377 | D:10     | Noticed Nergalle
  8389 | D:10     | Killed Nergalle
  8578 | D:10     | Found a staircase to the Orcish Mines.
  8578 | D:10     | Noticed Erolcha
  8607 | D:10     | Killed Erolcha
  9064 | D:11     | Noticed a boulder beetle
  9075 | D:11     | Killed a boulder beetle
  9076 | D:11     | Reached skill level 1 in Invocations
  9150 | D:11     | Noticed a two-headed ogre
  9156 | D:11     | Killed a two-headed ogre
  9194 | D:11     | Noticed a boulder beetle
  9197 | D:11     | Killed a boulder beetle
  9566 | D:12     | Noticed a two-headed ogre
  9576 | D:12     | Killed a two-headed ogre
  9610 | D:12     | Found a gate leading to a gauntlet.
  9644 | Gauntlet | Entered a Gauntlet
  9644 | Gauntlet | Found a transporter.
  9644 | Gauntlet | Found a transporter.
  9644 | Gauntlet | Found a runed translucent door.
  9644 | Gauntlet | Found a runed translucent door.
  9662 | Gauntlet | Found a transporter.
  9663 | Gauntlet | Noticed a tengu warrior
  9666 | Gauntlet | Found a transporter.
  9677 | Gauntlet | Found a transporter.
  9678 | Gauntlet | Found a transporter.
  9681 | Gauntlet | Noticed a dire elephant
  9686 | Gauntlet | Found a transporter.
  9703 | Gauntlet | Found a transporter.
  9718 | Gauntlet | Found a transporter.
  9722 | Gauntlet | Found a transporter.
  9730 | Gauntlet | Found a transporter.
  9734 | Gauntlet | Found a transporter.
  9790 | Gauntlet | Killed a tengu warrior
  9867 | Gauntlet | Gained mutation: You passively map a small area around you.
                  | [potion of mutation]
  9909 | Gauntlet | Identified the ring "Nirphippi" {rPois Will+}
  9938 | Gauntlet | Noticed a minotaur
  9954 | Gauntlet | Killed a minotaur
 10016 | D:12     | Noticed a boulder beetle
 10032 | D:12     | Noticed Frances
 10087 | D:12     | Reached XP level 13. HP: 118/133 MP: 15/15
 10158 | D:12     | Killed Frances
 10159 | D:12     | Reached skill level 10 in Fighting
 10257 | D:12     | You fall into a shaft and drop 1 floor!
 10394 | D:12     | Identified a scroll of acquirement
 10773 | D:13     | Reached skill level 5 in Invocations
 10856 | D:13     | HP: 3/133 [meliai/+0 broad axe (10)]
 10856 | D:13     | Slain by a meliai

Illustrated notes

Levels and vault maps discovered:
D:1:      scummos_arrival_gate, layout_loops_ring, serial_bayou_pond_c,
          columned_hall_lemuel
D:2:      layout_loops_cross, hellmonk_ecumenical_altar_blasted,
          dreamdust_princess_bridge, kennysheep_generic_room_12
D:3:      layout_basic, tgw_fedhas, lemuel_tele_altar, minmay_misc_feat_cross,
          grunt_ministairs_14, minmay_checkerbox
D:4:      layout_loops_cross, grunt_temple_overflow_diamond,
          nicolae_ru_sacrificial_ziggurat, mainiacjoe_overflow_alcove_1,
          kennysheep_okawaru_gauntlet, minmay_temple_entry_statues_fountains,
          kennysheep_cross_bottleneck, nicolae_figureground_sparkle
D:5:      layout_rooms, grunt_temple_overflow_gold_and_silver,
          portal_sewer_entry_d, grunt_ministairs_4, kb_lookout_dungeons_type
D:6:      layout_basic
D:7:      cheibrodos_statue_roulette, layout_basic
D:8:      layout_loops_ring, nicolae_overflow_crystal_walls
D:9:      layout_rooms, overflow_temple_1_default, lair_entry_dummy,
          serial_bayou, serial_bayou_pond_a, serial_bayou_pond_d,
          serial_bayou_lake_a, serial_bayou_pond_c, uniq_grum, uniq_amaemon
D:10:     layout_loops_corners, minmay_orc_entry_temple_small, enter_bailey_3,
          uniq_nergalle, uniq_erolcha
D:11:     layout_loops_ring, minmay_misc_feat_alley
D:12:     layout_basic, gauntlet_entry_generic, minmay_unpleasant_kobolds,
          uniq_frances
D:13:     layout_basic, interstate_on_off, minmay_misc_feat_chi
Temple:   eino_temple_lava

Skill      XL: |  1  2  3  4  5  6  7  8  9 10 11 12 13 |
---------------+----------------------------------------+-----
Fighting       | 2 3 4 5 6 7 9 10 | 10.1
Unarmed Combat | 3 4 5 6 8 9 11 12 15 | 15.4
Evocations     | 1 3 5 7 |  7.4
Invocations    | 4 5 |  5.0
Throwing       | |  0.8
Dodging        | |  1.9
Spellcasting   | |  1.2
Translocations | |  2.1

Action                   |  1- 3 |  4- 6 |  7- 9 | 10-12 | 13-15 || total
-------------------------+-------+-------+-------+-------+-------++-------
Melee: Unarmed           |    99 |   168 |   221 |   403 |    85 ||   976
       Punch             |       |     2 |     9 |    31 |     8 ||    50
Invok: Stomp             |       |       |       |       |     1 ||     1
Evoke: Wand              |       |       |       |     8 |     2 ||    10
       Phantom mirror    |       |       |       |       |     1 ||     1
       Tin of tremorston |       |       |       |       |     1 ||     1
  Use: Scroll            |       |     8 |     4 |     7 |     3 ||    22
       Potion            |       |       |       |     7 |     2 ||     9
 Stab: Sleeping          |     2 |       |       |       |       ||     2
       Paralysed         |       |       |     6 |    30 |     3 ||    39
       Invisible         |       |       |       |     1 |       ||     1
Armor: Robe              |    27 |    47 |    31 |    74 |    15 ||   194
       Skin              |       |       |       |    28 |       ||    28
Dodge: Dodged            |    31 |    68 |   115 |   254 |    43 ||   511

Table legend: (Time is in decaauts)
 A = Elapsed time spent in this place.
 B = Non-inter-level travel time spent in this place.
 C = Inter-level travel time spent in this place.
 D = Time resting spent in this place.
 E = Time spent auto-exploring this place.
 F = Levels seen in this place.
 G = Mean time per level.
                   A        B        C        D        E       F      G
               +--------+--------+--------+--------+--------+-----+--------+
         Total |  10792 |  10350 |    442 |    722 |   7214 |  17 |  634.8 |
       Dungeon |   9938 |   9496 |    442 |    653 |   6858 |  13 |  764.5 |
        Temple |     37 |     37 |      0 |      0 |     28 |   1 |   37.0 |
         Sewer |    143 |    143 |      0 |      0 |    100 |   1 |  143.0 |
        Bailey |    343 |    343 |      0 |     31 |    120 |   1 |  343.0 |
      Gauntlet |    330 |    330 |      0 |     38 |    107 |   1 |  330.0 |
               +--------+--------+--------+--------+--------+-----+--------+

Top non-repeatable levels by time:
     D:3: 1090 daAuts
     D:7: 991 daAuts
    D:10: 953 daAuts
     D:8: 885 daAuts
    D:12: 844 daAuts
     D:4: 836 daAuts
     D:9: 806 daAuts
    D:11: 716 daAuts
     D:2: 701 daAuts
     D:1: 691 daAuts
     D:5: 664 daAuts
     D:6: 647 daAuts
  Bailey: 343 daAuts
Gauntlet: 330 daAuts
   Sewer: 143 daAuts
